 Dungeon Crawl Stone Soup version 0.29-a0-322-g68df515428 (webtiles) character file.

Game seed: 9561349761852768446

1032 chopper the Chopper (level 8, -54/69 HPs)
             Began as a Minotaur Fighter on Apr 10, 2022.
             Blown up by a lich (94 damage)
             ... with an orb of destruction
             ... on level 1 of the Abyss.
             The game lasted 00:26:19 (6716 turns).

chopper the Chopper (Minotaur Fighter)              Turns: 6716, Time: 00:26:19

Health: -54/69     AC:  7    Str: 21    XL:     8   Next: 3%
Magic:  7/7        EV: 10    Int:  5    God:
Gold:   604        SH: 13    Dex: 12    Spells: 7/7 levels left

rFire   . . .      SeeInvis .   a - +0 war axe
rCold   . . .      Faith    .   c - +3 buckler
rNeg    . . .      Spirit   .   b - +0 scale mail
rPois   .          Reflect  +   (helmet restricted)
rElec   .          Harm     .   (no cloak)
rCorr   .          Rampage  .   (no gloves)
Will    .....                   (no boots)
Stlth   ..........              v - amulet of reflection
HPRegen 0.21/turn               (no ring)
MPRegen 0.10/turn               (no ring)

@: no status effects
A: horns 2, retaliatory headbutt
a: no special abilities


You were on level 1 of the Abyss.
You visited 1 branch of the dungeon, and saw 6 of its levels.
You visited the Abyss 1 time.

You collected 604 gold pieces.

Inventory:

Hand Weapons
 a - a +0 war axe (weapon)
 g - a +0 dagger of draining
 m - a +2 dagger of holy wrath
 p - a +1 whip of freezing
 s - a +2 dagger of speed
Missiles
 n - a throwing net
 r - 7 boomerangs (quivered)
Armour
 b - a +0 scale mail (worn)
 c - a +3 buckler (worn)
 z - the +3 buckler of Past Mistakes {rElec rPois rF-}
   (You found it on level 5 of the Dungeon)

   rF:        It makes you vulnerable to fire.
   rElec:     It insulates you from electricity.
   rPois:     It protects you from poison.
Jewellery
 v - an amulet of reflection (around neck)
Wands
 h - a wand of flame (12)
Scrolls
 k - a scroll of fog
 l - a scroll of teleportation {unknown}
 o - a scroll of holy word {unknown}
 q - a scroll of magic mapping {unknown}
 y - a scroll of immolation {unknown}
Potions
 e - a potion of degeneration {unknown}
 f - a potion of invisibility {unknown}
 i - a potion of resistance {unknown}
 j - 2 potions of haste
 t - a potion of berserk rage {unknown}
 u - a potion of heal wounds
 w - 2 potions of attraction {unknown}
 x - a potion of ambrosia {unknown}


   Skills:
 + Level 5.4 Fighting
 + Level 7.5 Axes
 + Level 1.6 Throwing
 + Level 6.3 Armour
 + Level 3.0 Dodging
 + Level 0.2 Stealth
 + Level 4.8 Shields


You had 7 spell levels left.
You didn't know any spells.
Your spell library contained the following spells:

 Spells                   Type           Power      Damage    Failure   Level
 Foxfire                  Conj/Fire      0%         2x1d4     86%         1
 Ensorcelled Hibernation  Hex/Ice        0%         N/A       95%         2
 Passwall                 Tmut/Erth      0%         N/A       95%         2
 Sublimation of Blood     Necr           0%         N/A       95%         2
 Wereblood                Tmut           0%         N/A       95%         2
 Conjure Flame            Conj/Fire      0%         6-21      99%         3
 Inner Flame              Hex/Fire       0%         N/A       99%         3
 Swiftness                Air            0%         N/A       99%         3
 Flame Wave               Conj/Fire      0%         2d4       100%        4
 Summon Hydra             Summ           0%         N/A       100%        7


Dungeon Overview and Level Annotations

Branches:
Dungeon (6/15)
 Temple: D:4-7

Altars:
Qazlal


Innate Abilities, Weirdness & Mutations

You have a pair of horns on your head.
You reflexively headbutt those who attack you in melee.


Message History

You block the wraith's attack. x2
You barely miss the wraith.
The wraith is heavily damaged.
You block the wraith's attack. The wraith hits you!
You slash the wraith!
The wraith is almost destroyed.
You feel yourself speed up. The wraith hits you but does no damage.
You block the wraith's attack.
You barely miss the wraith. Your headbutt misses the wraith.
The wraith is almost destroyed.
The wraith barely misses you.
You hit the wraith but do no damage.
The wraith is almost destroyed.
You block the wraith's attack.
You barely miss the wraith. Your headbutt misses the wraith.
The wraith is almost destroyed.
The wraith hits you but does no damage.
You barely miss the wraith. Your headbutt misses the wraith.
The wraith is almost destroyed.
You block the wraith's attack.
You hit the wraith.
You destroy the wraith!
That felt strangely unrewarding.
You start resting.
A smoke demon comes into view.
A smoke demon comes into view.
The smoke demon gestures at you. Something smites you!
The smoke demon gestures at you. Something smites you!
A lich comes into view.
The lich shouts!
The lich casts a spell at you.
You barely resist.
A starcursed mass comes into view.
The lich launches a ball of destructive magic.
An orb of destruction comes into view.
The orb of destruction hits you!!!!
Ouch! That really hurt!
You die...

.. . . .. ..#§
....#.#......... §§. .
...............
...................... .
...........#..........
..... ..................
...#......#..#..........
.. ........#..#.........
.....#.......3.@...L...
..... ....#......○○○°○..
...#.. ..............#..
..........#............
.... ..................
§.......#..##..#........
. ................#X....
. #....#.#.............
.... ...#.......#..#...


You could see a starcursed mass, a lich and a smoke demon.

Vanquished Creatures
  A wraith (Abyss:1)
  Eustachio (D:5)
  2 ogres (D:5)
  A black bear (D:4)
  A kobold brigand (D:4)
  2 scorpions
  A small abomination (Abyss:1)
  A hound (D:5)
  An orc priest (D:4)
  An iguana (D:4)
  2 orc wizards
  Robin (D:3)
  5 adders
  11 gnolls
  3 ufetubi
  2 worms
  4 dart slugs
  5 orcs
  8 ball pythons
  4 bats
  8 endoplasms
  4 giant cockroaches
  20 hobgoblins
  7 jackals (D:2)
  4 frilled lizards
  18 goblins
  6 kobolds
  5 rats
129 creatures vanquished.

Vanquished Creatures (others)
  A plant (D:6)
1 creature vanquished.

Grand Total: 130 creatures vanquished

Notes
Turn   | Place    | Note
-------+----------+-------------------------------------------
     0 | D:1      | chopper the Minotaur Fighter began the quest for the Orb.
     0 | D:1      | Reached XP level 1. HP: 19/19 MP: 0/0
   257 | D:1      | Reached XP level 2. HP: 23/25 MP: 1/1
   736 | D:1      | Reached skill level 3 in Axes
   919 | D:2      | Reached XP level 3. HP: 32/32 MP: 2/2
  1591 | D:2      | Reached XP level 4. HP: 39/40 MP: 3/3
  1635 | D:2      | Reached skill level 4 in Axes
  1957 | D:3      | Noticed Robin
  2217 | D:3      | Killed Robin
  2218 | D:3      | Reached skill level 1 in Dodging
  2534 | D:3      | Found a faded altar of an unknown god.
  2535 | D:3      | Noticed an eye of devastation
  2540 | D:3      | Reached XP level 5. HP: 36/46 MP: 4/4
  2546 | D:3      | Noticed a golden eye
  2546 | D:3      | Noticed a floating eye
  2546 | D:3      | Noticed a shining eye
  2907 | D:4      | Noticed a black bear
  2940 | D:4      | Reached skill level 5 in Armour
  2950 | D:4      | Killed a black bear
  2951 | D:4      | Reached skill level 5 in Axes
  2951 | D:4      | Reached XP level 6. HP: 19/55 MP: 5/5
  3903 | D:4      | Reached skill level 6 in Axes
  3905 | D:4      | Reached skill level 5 in Fighting
  3912 | D:4      | Reached XP level 7. HP: 42/61 MP: 6/6
  4021 | D:4      | Found a stormy altar of Qazlal.
  4622 | D:5      | Entered Level 5 of the Dungeon
  5462 | D:5      | HP: 3/61 [gnoll/+0 halberd (14)]
  5964 | D:5      | Noticed Eustachio
  5980 | D:5      | Killed Eustachio
  5981 | D:5      | Reached skill level 7 in Axes
  5981 | D:5      | Reached skill level 1 in Throwing
  6179 | D:5      | Reached XP level 8. HP: 46/69 MP: 7/7
  6293 | D:5      | Identified the +3 buckler of Past Mistakes {rElec rPois
                  | rF-}
  6623 | D:5      | Cast into level 1 of the Abyss (gnoll sergeant)
  6631 | Abyss:1  | Found a corrupted altar of Lugonu.
  6699 | Abyss:1  | Noticed a smoke demon
  6700 | Abyss:1  | Noticed a smoke demon
  6713 | Abyss:1  | Noticed a lich
  6713 | Abyss:1  | Noticed a starcursed mass
  6716 | Abyss:1  | Blown up by a lich

Illustrated notes

Levels and vault maps discovered:
D:1:      dpeg_arrival_another_circle, layout_basic
D:2:      cheibrodos_greedy_goblins, layout_basic
D:3:      layout_basic, hellmonk_ecumenical_altar_watching_god, uniq_robin
D:4:      layout_basic, grunt_qazlal_clouds, serial_glass, glass_columns_c,
          glass_columns_b, glass_columns_c, glass_columns_c, glass_columns_b,
          glass_columns_a, due_unseen_surprise, minmay_joined_circles
D:5:      layout_rooms, minmay_pentangle, uniq_ijyb, uniq_eustachio
D:6:      corexii_shack_village, layout_basic
Abyss:1

Skill      XL: |  1  2  3  4  5  6  7 |
---------------+----------------------+-----
Armour         | 4 5 6 |  6.3
Fighting       | 4 5 |  5.4
Axes           | 3 4 5 6 7 |  7.5
Dodging        | 2 3 |  3.0
Shields        | 4 |  4.8
Throwing       | 1 |  1.6
Stealth        | |  0.2

Action                   |  1- 3 |  4- 6 |  7- 9 || total
-------------------------+-------+-------+-------++-------
Melee: War axe           |    84 |   109 |    69 ||   262
       Headbutt          |     9 |    13 |    14 ||    36
Throw: Boomerang         |       |       |    31 ||    31
  Use: Scroll            |       |       |     9 ||     9
       Potion            |       |       |     1 ||     1
Armor: Scale mail        |    61 |    68 |    31 ||   160
Dodge: Dodged            |    52 |    69 |    52 ||   173
Block: Buckler           |    23 |    42 |    86 ||   151
       Reflection        |       |     1 |       ||     1

Table legend: (Time is in decaauts)
 A = Elapsed time spent in this place.
 B = Non-inter-level travel time spent in this place.
 C = Inter-level travel time spent in this place.
 D = Time resting spent in this place.
 E = Time spent auto-exploring this place.
 F = Levels seen in this place.
 G = Mean time per level.
                   A        B        C        D        E       F      G
               +--------+--------+--------+--------+--------+-----+--------+
         Total |   6811 |   6811 |      0 |   2211 |      0 |   7 |  973.0 |
       Dungeon |   6713 |   6713 |      0 |   2188 |      0 |   6 | 1118.8 |
         Abyss |     98 |     98 |      0 |     23 |      0 |   1 |   98.0 |
               +--------+--------+--------+--------+--------+-----+--------+

Top non-repeatable levels by time:
     D:4: 1978 daAuts
     D:2: 1305 daAuts
     D:5: 1092 daAuts
     D:1: 927 daAuts
     D:6: 737 daAuts
     D:3: 672 daAuts
 Abyss:1: 98 daAuts
